 Dungeon Crawl Stone Soup version 0.18.1-48-g4cf74bf (webtiles) character file.

98 MTVSty1e the Skirmisher (level 4, -1/60 HPs)
             Began as a Draconian Transmuter on July 30, 2016.
             Slain by an ice beast (7 damage)
             ... on level 3 of the Dungeon.
             The game lasted 00:06:26 (2951 turns).

MTVSty1e the Skirmisher (Draconian Transmuter)      Turns: 2951, Time: 00:06:26

Health: -1/60      AC:  6    Str: 17    XL:     4   Next: 43%
Magic:  7/7        EV: 12    Int: 13    God:
Gold:   57         SH:  0    Dex: 13    Spells: 2 memorised, 3 levels left

rFire  . . .     SeeInvis .     g - +0 dagger
rCold  . . .     Gourm    .     (armour unavailable)
rNeg   . . .     Faith    .     (no shield)
rPois  .         Spirit   .     (helmet restricted)
rElec  .         Dismiss  .     (no cloak)
rCorr  .         Reflect  .     r - +0 pair of gloves
SustAt .         Harm     .     (no boots)
MR     .....                    (no amulet)
Stlth  ..........               (no ring)
                                (no ring)

@: mighty, berserking, very quick, not resistant to hostile enchantments,
extremely unstealthy
A: unfitting armour, cold-blooded, AC +5
a: no special abilities


You were on level 3 of the Dungeon.
You were not hungry.

You visited 1 branch of the dungeon, and saw 3 of its levels.

You collected 57 gold pieces.

Inventory:

Hand Weapons
 g - a +0 dagger (weapon)
Missiles
 a - 52 arrows
Armour
 r - a +0 pair of gloves (worn)
Scrolls
 e - a scroll of fear {unknown}
 f - 4 scrolls of blinking {unknown}
 i - a scroll of enchant weapon {unknown}
 j - a scroll of identify {unknown}
 l - a scroll of noise {unknown}
 n - a scroll of teleportation {unknown}
 o - a scroll of random uselessness {unknown}
Potions
 k - 2 potions of curing
 m - a potion of invisibility {unknown}
 q - a potion of mutation {unknown}
Books
 b - a book of Changes

   Spells                             Type                      Level
   a - Beastly Appendage              Transmutation                1
   b - Sticks to Snakes               Transmutation                2
   c - Spider Form                    Transmutation/Poison         3
   d - Ice Form                       Ice/Transmutation            4
   e - Blade Hands                    Transmutation                5
Comestibles
 c - 2 bread rations
 h - 2 fruits


   Skills:
 * Level 4.0 Fighting
 + Level 1.3 Short Blades
 - Level 1.8 Dodging
 - Level 3.2 Unarmed Combat
 - Level 2.1 Spellcasting
 - Level 2.1 Transmutations


You had 3 spell levels left.
You knew the following spells:

 Your Spells              Type           Power        Failure   Level  Hunger
a - Beastly Appendage     Trmt           #.....       12%         1    ##.....
b - Spider Form           Trmt/Pois      #.........   52%         3    ####...


Dungeon Overview and Level Annotations

Branches:
Dungeon (3/15)

Altars:


Innate Abilities, Weirdness & Mutations

Your plain brown scales are hard (AC +5).
Your body does not fit into most forms of armour.
You are cold-blooded and may be slowed by cold attacks.


Message History

* * * LOW HITPOINT WARNING * * *
The ice beast freezes you!
* * * LOW HITPOINT WARNING * * *
Drink which item? (? for menu, Esc to quit)
It was a potion of berserk rage.
A red film seems to cover your vision as you go berserk!
You feel yourself moving faster!
You feel mighty! The ice beast closely misses you.
Your magical contamination has completely faded away.
You barely miss the ice beast.
The ice beast is heavily wounded.
The ice beast closely misses you.
You closely miss the ice beast.
The ice beast is heavily wounded.
You puncture the ice beast!
The ice beast is almost dead.
The ice beast hits you.
* * * LOW HITPOINT WARNING * * *
The ice beast freezes you!
You die...

####.##..........#
#.............#
#.#.#........##
#.#.##......##
#.#.##..#)###
##...##.##...#
#.......####.######
#...##....####......#
....#
#.##..@#######....
.... #.####Y(# . ...
#.# ##.# ## ..# ...
.## ##.. .. #.<. ..
###


You could see an ice beast.

Vanquished Creatures
  4 adders
  A dart slug (D:1)
  5 giant geckos
  An orc (D:3)
  A bat (D:1)
  A giant cockroach (D:1)
  6 goblins
  9 hobgoblins
  7 jackals (D:2)
  8 kobolds
  A quokka (D:2)
  A ball python (D:2)
  3 giant newts
  4 rats
52 creatures vanquished.

Notes
Turn   | Place    | Note
--------------------------------------------------------------
     0 | D:1      | MTVSty1e the Draconian Transmuter began the quest for the Orb.
     0 | D:1      | Reached XP level 1. HP: 16/16 MP: 3/3
   226 | D:1      | Reached XP level 2. HP: 13/23 MP: 5/5
   570 | D:1      | Reached skill level 2 in Fighting
   931 | D:1      | Reached XP level 3. HP: 30/30 MP: 6/6
  1471 | D:2      | Reached skill level 3 in Fighting
  1729 | D:2      | Reached skill level 1 in Short Blades
  2138 | D:2      | Learned a level 3 spell: Spider Form
  2247 | D:2      | Reached XP level 4. HP: 29/38 MP: 7/7
  2883 | D:3      | Reached skill level 4 in Fighting
  2929 | D:3      | Noticed an ice beast
  2951 | D:3      | Slain by an ice beast

Skill      XL: |  1  2  3  4 |
---------------+-------------+-----
Fighting       | 2 3 4 |  4.0
Short Blades   | 1 |  1.3
Dodging        | |  1.8
Unarmed Combat | |  3.2
Spellcasting   | |  2.1
Transmutations | |  2.1

Action                   |  1- 3 |  4- 6 || total
-------------------------+-------+-------++-------
Melee: Dagger            |   199 |    80 ||   279
       Unarmed           |    15 |       ||    15
       Tailslap          |    25 |     5 ||    30
       Kick              |     5 |     7 ||    12
       Punch             |     4 |     1 ||     5
       Headbutt          |     4 |     3 ||     7
 Cast: Beastly Appendage |     8 |     3 ||    11
  Use: Potion            |       |     3 ||     3
  Eat: Fruit             |     2 |       ||     2
       Bread ration      |     1 |       ||     1
       Beef jerky        |       |     1 ||     1
Armor: Skin              |    67 |    25 ||    92
Dodge: Dodged            |   179 |    43 ||   222
